cohdb
Replays
Latest Replays
All Replays
Popular Replays
Top Player Replays
Match Explorer
How It Works
Community
CoH3 Stats
Reddit
Sign in to upload your games and track your stats! →
Sign in with Steam
Match 43602581
Unlisted
Match 43602581
Overview
Messages
Build Orders
End
Construct Section Command Post
Selects Australian Defense Battlegroup
Selects Australian Light Infantry Section
Australian Light Infantry Section
ML 3-inch Mortar Team
Australian Light Infantry Section
Construct Platoon Command Post
Humber Armored Car
Selects CMP 15cwt Supply Run
CMP 15cwt Supply Run
Selects Defensive Tactics
Selects Reinforced Resource Caches
Construct Company Command Post
Selects Hold the Line!
CMP 15cwt Supply Run
Unlock M3 Grant Medium Tanks
Hold the Line!
Royal Engineer Section
M3 Grant Medium Tank
Royal Engineer Section
Hold the Line!
Selects Charged Creeping Barrage
Charged Creeping Barrage
M3 Grant Medium Tank
Foot Guards Section
M3 Grant Medium Tank
CMP 15cwt Supply Run
Charged Creeping Barrage
M3 Grant Medium Tank
Charged Creeping Barrage
Charged Creeping Barrage
DarkLord
juve1975
Smorrebrod
Chudzina99
Kirschinator
Raptortwo
TOKIO
AliReZaHBk
0
0
Comments
sign in to comment!
No comments posted yet!